 Dungeon Crawl Stone Soup version 0.31-a0-174-g85c54bcb58 (webtiles) character file.

Game seed: 13825136570489144320

5 qw the Shooter (level 1, -1/19 HPs)
             Began as a Naga Hunter on June 15, 2023.
             Slain by a goblin
             ... wielding a +0 dagger
              (3 damage)
             ... on level 1 of the Dungeon.
             The game lasted 00:00:02 (42 turns).

qw the Shooter (Naga Hunter)                          Turns: 42, Time: 00:00:02

Health: -1/19      AC:  1    Str: 13    XL:     1   Next: 80%
Magic:  1/1        EV:  9    Int:  9    God:
Gold:   0          SH:  0    Dex: 14    Spells: 0/0 levels left

rFire   . . .        a - +0 shortbow
rCold   . . .        (shield currently unavailable)
rNeg    . . .        c - +0 leather armour
rPois   +            (no helmet)
rElec   .            (no cloak)
rCorr   .            (no gloves)
SInv    +            (no barding)
Will    .....        (no amulet)
Stlth   ++           (no ring)
HPRegen 0.23/turn    (no ring)
MPRegen 0.07/turn

%: no passive effects
@: short of breath, very slow
A: AC +0, large, see invisible, deformed body, poison resistance, slowness 2,
spit poison 1, naga tail 1
a: Spit Poison


You were on level 1 of the Dungeon.
You visited 1 branch of the dungeon, and saw 1 of its levels.


Innate Abilities, Weirdness & Mutations

Your serpentine skin is tough. (AC +0)
You have supernaturally acute eyesight. (SInv)
Armour fits poorly on your strangely shaped body.
Your system is resistant to poisons. (rPois)
You cover ground very slowly.
You can spit poison.
You have a snake-like lower body.


   Skills:
 - Level 2.0 Fighting
 + Level 3.9 Ranged Weapons
 - Level 1.5 Dodging
 - Level 1.5 Stealth


You couldn't memorise any spells.
You didn't know any spells.
Your spell library was empty.

Inventory:

Hand Weapons
 a - a +0 shortbow (weapon)
Armour
 c - a +0 leather armour (worn)
Scrolls
 b - a scroll of butterflies

Dungeon Overview and Level Annotations

Branches:
Dungeon (1/15)

Altars:


Message History

The jackal barks!
You hear a shout!
You hear a bark!
You hear a shout!
You hear an angry hiss.
You shoot an arrow. The arrow barely misses the jackal.
A goblin comes into view. It is wielding a +0 dagger.
34 ||| INVOKING Spit Poison.
Aiming: Spit Poison (3% risk of failure)
Press: ? - help, Shift-Dir - straight line, f - jackal, p - jackal The splash of poison misses the jackal.
You shoot an arrow. The arrow barely misses the jackal.
The arrow hits the jackal but does no damage.
You shoot an arrow. The arrow hits the jackal!
You kill the jackal!
You shoot an arrow. The arrow hits the jackal.
The jackal is lightly wounded.
The jackal bites you.
You shoot an arrow. The arrow hits the jackal.
The jackal is almost dead.
You have got your breath back.
The jackal bites you. The jackal barely misses you. The jackal bites you.
The jackal barely misses you.
39 ||| INVOKING Spit Poison.
Aiming: Spit Poison (3% risk of failure)
Press: ? - help, Shift-Dir - straight line, f/p - jackal The splash of poison misses the jackal.
The splash of poison misses the goblin.
The jackal barely misses you. x2; The jackal bites you.
You shoot an arrow. The arrow closely misses the jackal.
The jackal bites you but does no damage.
The jackal closely misses you.
A ball python comes into view.
The goblin hits you with a +0 dagger. The jackal bites you.
You shoot an arrow. The arrow hits the jackal.
You kill the jackal!
The jackal bites you. The goblin hits you with a +0 dagger.
The jackal bites you.
You shoot an arrow. The arrow hits the goblin.
The goblin is severely wounded.
The goblin hits you with a +0 dagger.
The jackal bites you but does no damage.
The goblin hits you with a +0 dagger.
You die...

......#.# .
.....#.# ?#
.?....##.#
####.S......#.
##.............
.......%.>.....
#.#..h%g......
#.#.##@#....#.
#.#...........
#.####.#.##.#.
#.#....(......
#.#.#.##.##...
###...#...... ..
#...######.....#
#...# ###.#
#...#### #


You could see a jackal, a goblin and a ball python.

Vanquished Creatures
  A ball python (D:1)
  2 jackals (D:1)
  A kobold (D:1)
4 creatures vanquished.

Notes
Turn   | Place    | Note
-------+----------+-------------------------------------------
     0 | D:1      | qw the Naga Hunter began the quest for the Orb.
     0 | D:1      | Reached XP level 1. HP: 19/19 MP: 1/1
     0 | D:1      | 0 ||| qw: Version: 0.2-a-29-g511e9b1
     0 | D:1      | 0 ||| qw: Game counter: 5276
     0 | D:1      | 0 ||| qw: Always use a shield: true
     0 | D:1      | 0 ||| qw: God list: Okawaru
     0 | D:1      | 0 ||| qw: Allow faded altars: false
     0 | D:1      | 0 ||| qw: Do Orc after D:15 true
     0 | D:1      | 0 ||| qw: Do second Lair branch before Depths: true
     0 | D:1      | 0 ||| qw: Lair rune preference: random
     0 | D:1      | 0 ||| qw: Plans: Normal
     0 | D:1      | 0 ||| PLANNING D:1-11
    14 | D:1      | 14 ||| INVOKING Spit Poison.
    27 | D:1      | 27 ||| INVOKING Spit Poison.
    34 | D:1      | 34 ||| INVOKING Spit Poison.
    39 | D:1      | 39 ||| INVOKING Spit Poison.
    41 | D:1      | HP: 4/19 [goblin/+0 dagger (2)]
    42 | D:1      | Slain by a goblin

Levels and vault maps discovered:
D:1:      psy_arrival_radial01, layout_basic

Action                     || total
---------------------------++-------
   Fire: Shortbow          ||     9
Ability: Spit Poison       ||     4
 Armour: Leather armour    ||     2
  Dodge: Dodged            ||     5

Table legend:
 A = Non-vault XP
 B = Vault XP
 C = Vault XP percentage of total XP
 D = Non-vault monster count
 E = Vault monster count
 F = Vault count percentage of total count
                 A         B        C        D         E       F
            +---------+---------+-------+---------+---------+-------
      Total |       8 |       0 |   0.0 |       4 |       0 |   0.0
            +---------+---------+-------+---------+---------+-------
        D:1 |       8 |       0 |   0.0 |       4 |       0 |   0.0
            +---------+---------+-------+---------+---------+-------
